 Dungeon Crawl Stone Soup version 0.29-a0-717-g6dac4ea423 (webtiles) character file.

Game seed: 2832252342650983172

39 HoaS the Shooter (level 3, -1/21 HPs)
             Began as a Tengu Hunter on June 26, 2022.
             Slain by a gnoll
             ... wielding a +0 whip
              (5 damage)
             ... on level 1 of the Dungeon.
             The game lasted 00:01:25 (798 turns).

HoaS the Shooter (Tengu Hunter)                      Turns: 798, Time: 00:01:25

Health: -1/21      AC:  3    Str: 11    XL:     3   Next: 47%
Magic:  4/4        EV: 12    Int:  9    God:
Gold:   45         SH:  0    Dex: 25    Spells: 2/2 levels left

rFire   . . .      SeeInvis .   a - +1 shortbow
rCold   . . .      Faith    .   (shield currently unavailable)
rNeg    . . .      Spirit   .   c - +0 leather armour
rPois   .          Reflect  .   (helmet restricted)
rElec   .          Harm     .   (no cloak)
rCorr   .          Rampage  .   (no gloves)
Will    +....                   (boots unavailable)
Stlth   ++........              (no amulet)
HPRegen 0.07/turn               j - +6 ring of dexterity
MPRegen 0.09/turn               i - ring of willpower

@: unable to read
A: beak, talons 3, inability to read while threatened 1
a: no special abilities


You were on level 1 of the Dungeon.
You visited 1 branch of the dungeon, and saw 2 of its levels.

You collected 45 gold pieces.

Inventory:

Hand Weapons
 a - a +1 shortbow (weapon)
Armour
 c - a +0 leather armour (worn)
Jewellery
 i - a ring of willpower (right hand)
 j - a +6 ring of dexterity (left hand)
Scrolls
 b - a scroll of immolation
 f - a scroll of identify
Potions
 e - a potion of berserk rage {unknown}
 g - a potion of magic {unknown}
 h - a potion of haste {unknown}


   Skills:
 - Level 2.0 Fighting
 + Level 5.7 Ranged Weapons
 - Level 2.1 Dodging
 - Level 1.0 Stealth


You had 2 spell levels left.
You didn't know any spells.
Your spell library was empty.

Dungeon Overview and Level Annotations

Branches:
Dungeon (2/15)

Altars:


Innate Abilities, Weirdness & Mutations

You have a beak for a mouth.
You have claws for feet.
You occasionally lose the ability to read scrolls when taking damage.


Message History

j - a +6 ring of dexterity (left hand)
i - a ring of willpower (right hand)
You now have 45 gold pieces (gained 4).
Found a stone staircase leading up.
A gnoll comes into view. It is wielding a +0 club.
The gnoll shouts!
You hear a shout!
A gnoll comes into view. It is wielding a +0 whip.
You hear a shout!
There are monsters nearby!
There are monsters nearby!
You shoot an arrow. The arrow hits the gnoll!
You kill the gnoll!
There is a stone staircase leading up here.
You shoot an arrow. The arrow barely misses the gnoll.
You shoot an arrow. The arrow closely misses the gnoll.
You hear a shout!
The gnoll completely misses you.
You hear a shout!
You shoot an arrow. The arrow barely misses the gnoll.
The gnoll hits you with a +0 whip.
A kobold comes into view. It is wielding a +2 whip of holy wrath.
The gnoll barely misses you.
You shoot an arrow. The arrow hits the gnoll!
The gnoll is heavily wounded.
The gnoll hits you with a +0 whip.
You shoot an arrow. The arrow closely misses the gnoll.
The gnoll hits you with a +0 whip!
You are too injured to fight recklessly!
The kobold hits you but does no damage. The gnoll hits you with a +0 whip.
* * * LOW HITPOINT WARNING * * *
You climb upwards.
There is a stone staircase leading down here.
You are too injured to fight recklessly!
You are too injured to fight recklessly!
You are too injured to fight recklessly!
It was a potion of mutation.
You feel extremely strange.
You occasionally lose the ability to read scrolls when threatened.
The kobold misses you. The gnoll hits you with a +0 whip.
You feel threatened and lose the ability to read scrolls!
You die...

#.#...#########.#
#.#.............#
#######
#.###############
###.....# #.....)#
.##.....# ######.#
.##.....# #.#
.##.....# #.#
.##.....########g#
...............K@#
........##########
....####........#
....# #........#
....# #........#
....####........#
#...............#
#........########
#......).#


You could see a gnoll and a kobold.

Vanquished Creatures
  A gnoll (D:2)
  A worm (D:2)
  A bat (D:1)
  2 endoplasms
  A giant cockroach (D:1)
  A goblin (D:1)
  2 hobgoblins (D:1)
  3 jackals (D:1)
  4 kobolds (D:1)
  3 quokkas (D:1)
  4 rats
23 creatures vanquished.

Notes
Turn   | Place    | Note
-------+----------+-------------------------------------------
     0 | D:1      | HoaS the Tengu Hunter began the quest for the Orb.
     0 | D:1      | Reached XP level 1. HP: 12/12 MP: 2/2
    79 | D:1      | Reached XP level 2. HP: 17/17 MP: 3/3
   110 | D:1      | Reached skill level 5 in Ranged Weapons
   574 | D:1      | Found a faded altar of an unknown god.
   613 | D:1      | Reached XP level 3. HP: 19/21 MP: 4/4
   798 | D:1      | Gained mutation: You occasionally lose the ability to read
                  | scrolls when taking damage. [potion of mutation]
   798 | D:1      | Slain by a gnoll

Illustrated notes

Levels and vault maps discovered:
D:1:      grunt_arrival_lava_bath, layout_basic,
          dilly_ecumenical_altar_fadedgnrine, minmay_misc_feat_iff,
          minmay_surrounded
D:2:      layout_loops_ring, uniq_jessica

Skill      XL: |  1  2 |
---------------+-------+-----
Ranged Weapons | 5 |  5.7
Fighting       | |  2.0
Dodging        | |  2.1
Stealth        | |  1.0

Action                   || total
-------------------------++-------
 Fire: Shortbow          ||    55
  Use: Scroll            ||     3
       Potion            ||     1
Armor: Leather armour    ||     6
Dodge: Dodged            ||    21

Table legend: (Time is in decaauts)
 A = Elapsed time spent in this place.
 B = Non-inter-level travel time spent in this place.
 C = Inter-level travel time spent in this place.
 D = Time resting spent in this place.
 E = Time spent auto-exploring this place.
 F = Levels seen in this place.
 G = Mean time per level.
                   A        B        C        D        E       F      G
               +--------+--------+--------+--------+--------+-----+--------+
         Total |    814 |    770 |     44 |     75 |    560 |   2 |  407.0 |
       Dungeon |    814 |    770 |     44 |     75 |    560 |   2 |  407.0 |
               +--------+--------+--------+--------+--------+-----+--------+

Top non-repeatable levels by time:
     D:1: 697 daAuts
     D:2: 116 daAuts
